 Dungeon Crawl Stone Soup version 0.27-a0-808-g60bc5d92e6 (webtiles) character file.

Game seed: 3313427630810177031

2478 pokeman the Thaumaturge (level 9, -1/49 HPs)
             Began as a Deep Elf Hedge Wizard on Mar 27, 2021.
             Was an Initiate of Vehumet.
             Slain by Harold
             ... wielding a +1 vorpal long sword
              (2 damage)
             ... on level 8 of the Dungeon on Mar 28, 2021.
             The game lasted 00:18:15 (7911 turns).

pokeman the Thaumaturge (Deep Elf Hedge Wizard)     Turns: 7911, Time: 00:18:16

Health: -1/49      AC:  9    Str:  7    XL:     9   Next: 27%
Magic:  22/26      EV: 12    Int: 23    God:    Vehumet [......]
Gold:   481        SH:  5    Dex: 20    Spells: 19/30 levels left

rFire    . . .     SeeInvis .   H - +8 long sword of Imminent Death {vorpal, +Blink}
rCold    . . .     Faith    .   (no shield)
rNeg     . . .     Spirit   .   v - +0 troll leather armour {Purgy}
rPois    +         Reflect  +   j - +2 hat
rElec    .         Harm     .   k - +1 cloak {rPois}
rCorr    .         Rampage  .   (no gloves)
Will     .....                  u - +0 pair of boots
Stlth    ++........             G - amulet of reflection
HPRegen  1.16/turn              x - ring of wizardry
MPRegen  0.20/turn              L - +6 ring of dexterity

@: no status effects
A: no striking features
a: Renounce Religion, Evoke Blink


You were on level 8 of the Dungeon.
You worshipped Vehumet.
Vehumet was noncommittal.
You visited 2 branches of the dungeon, and saw 9 of its levels.

You collected 481 gold pieces.

Inventory:

Hand Weapons
 p - a +2 dagger of draining
 B - a +0 shortbow
 C - a +0 hand crossbow
 H - the +8 long sword of Imminent Death (weapon) {vorpal, +Blink}
   (You found it on level 7 of the Dungeon)

   It inflicts extra damage upon your enemies.
   It lets you blink.
Missiles
 m - 97 bolts
 t - 126 arrows
Armour
 h - a +0 buckler
 j - a +2 hat (worn)
 k - a +1 cloak of poison resistance (worn)
 u - a +0 pair of boots (worn)
 v - a +0 troll leather armour (worn) {Purgy}
Magical Staves
 y - a staff of poison
Jewellery
 e - a ring of ice
 n - an amulet of regeneration
 x - a ring of wizardry (left hand)
 E - a ring of protection from cold
 G - an amulet of reflection (around neck)
 L - a +6 ring of dexterity (right hand)
Wands
 c - a wand of flame (12)
 F - a wand of acid (8)
 I - a wand of random effects (46)
Scrolls
 a - a scroll of blinking {unknown}
 b - 4 scrolls of noise {unknown}
 d - a scroll of vulnerability {unknown}
 l - 5 scrolls of teleportation {unknown}
 o - 3 scrolls of enchant weapon {unknown}
 q - 2 scrolls of magic mapping {unknown}
 A - 2 scrolls of identify {unknown}
 K - 3 scrolls of torment {unknown}
 M - a scroll of enchant armour {unknown}
Potions
 f - 3 potions of attraction {unknown}
 g - 4 potions of curing {unknown}
 i - 2 potions of lignification {unknown}
 r - 3 potions of might {unknown}
 s - a potion of flight {unknown}
 w - a potion of resistance
 z - a potion of cancellation {unknown}
 D - a potion of heal wounds {unknown}
 J - a potion of brilliance {unknown}


   Skills:
 - Level 2.6 Fighting
 - Level 2.0 Armour
 - Level 3.0 Dodging
 - Level 3.0 Stealth
 + Level 2.3 Shields
 * Level 11.1 Spellcasting
 + Level 6.1 Conjurations
 - Level 1.1 Summonings
 - Level 1.1 Translocations
 + Level 4.9 Fire Magic
 - Level 1.0 Air Magic
 - Level 1.0 Poison Magic
 - Level 1.2 Evocations


You had 19 spell levels left.
You knew the following spells:

 Your Spells              Type           Power      Damage    Failure   Level
a - Magic Dart            Conj           100%       1d8       1%          1
b - Mephitic Cloud        Conj/Pois/Air  25%        N/A       2%          3
c - Call Imp              Summ           17%        N/A       2%          2
d - Blink                 Tloc           N/A        N/A       2%          2
e - Conjure Flame         Conj/Fire      38%        6-21      1%          3

Your spell library contained the following spells:

 Spells                   Type           Power      Damage    Failure   Level
 Slow                     Hex            12%        N/A       4%          2


Dungeon Overview and Level Annotations

Branches:
Dungeon (8/15)             Temple (1/1) D:7
   Lair: D:8-11

Altars:
Hepliaklqana
Nemelex Xobeh
Qazlal
Vehumet
Xom
The Shining One

Annotations:
D:8 Harold


Message History

Confirm with . or Enter, or press ? or * to list all spells.
The fire begins to smolder!
The fire ignites!
What are your orders? t - Shout!
Orders for allies: a - Attack new target. r - Retreat! s - Stop attacking. g - Guard the area. f - Follow me.
Anything else - Cancel.
You shout for attention!
You hear a shout!
Harold throws a throwing net.
The throwing net hits you.
You become entangled in the net!
Harold asks, "Do you mind if I name my boat the 'pokeman'?
Your head will be paying for it, after all."
Casting: Conjure Flame (safe; 1% risk of failure)
Confirm with . or Enter, or press ? or * to list all spells.
Aiming: Mephitic Cloud (dangerous; 2% risk of failure)
Press: ? - help, Shift-Dir - straight line, f - Harold
Aim: Harold, wielding a +1 vorpal long sword, wearing a +3 chain mail, quivering 3 throwing nets and carrying a wand of iceblast (10) (chance to affect: 58%)
The ball explodes into a vile cloud!
The stinking cloud engulfs Harold but does no damage.
Harold is engulfed in noxious fumes.
Unknown command.
Unknown command.
You struggle against the net.
Harold is engulfed in blazing flames.
Harold hits you with a +1 vorpal long sword!
Unknown command.
You tear a large gash into the net.
Harold is engulfed in blazing flames.
Harold hits you with a +1 vorpal long sword!
Unknown command.
You shred the net and break free!
Harold is engulfed in blazing flames.
You block Harold's attack.
Unknown command.
You hit Harold.
Harold is heavily wounded.
Harold is engulfed in blazing flames.
Harold hits you with a +1 vorpal long sword.
Harold is engulfed in blazing flames.
Harold hits you with a +1 vorpal long sword!!
* * * LOW HITPOINT WARNING * * *
You die...

. .. ... ....
####@....
#○°...... #°# #@#
#@# ###.# #...#
######.###
.#.....(##
#.........#######
#...............#
#..........####..#
#### #..........#


You could see Harold.

Vanquished Creatures
  Maurice (D:8)
  A steam dragon (D:7)
  3 water moccasins
  2 sky beasts (D:6)
  Purgy (D:4)
  3 ogres
  A centaur (D:5)
  A bullfrog (D:6)
  5 scorpions
  2 howler monkeys (D:7)
  A bullfrog zombie (D:5)
  3 hounds
  A gnoll shaman (D:8)
  An orc priest (D:4)
  3 centaur skeletons
  A bullfrog skeleton (D:6)
  4 iguanas
  2 orc wizards
  Robin (D:1)
  6 adders
  5 gnolls (D:8)
  3 white imps
  A worm (D:2)
  9 dart slugs
  17 orcs
  5 bats
  8 endoplasms
  2 giant cockroaches
  11 goblins
  12 hobgoblins
  13 jackals
  6 kobolds
  5 quokkas
  10 ball pythons
  A frilled lizard (D:1)
  4 rats (D:3)
155 creatures vanquished.

Vanquished Creatures (collateral kills)
  Crazy Yiuf (D:2)
1 creature vanquished.

Vanquished Creatures (others)
  7 fungi (D:1)
  3 toadstools (D:1)
10 creatures vanquished.

Grand Total: 166 creatures vanquished

Notes
Turn   | Place    | Note
-------+----------+-------------------------------------------
     0 | D:1      | pokeman the Deep Elf Hedge Wizard began the quest for the
                  | Orb.
     0 | D:1      | Reached XP level 1. HP: 10/10 MP: 7/7
   416 | D:1      | Reached XP level 2. HP: 16/16 MP: 6/9
   719 | D:1      | Reached skill level 5 in Spellcasting
   919 | D:1      | Reached XP level 3. HP: 14/20 MP: 5/11
   923 | D:1      | Learned a level 3 spell: Mephitic Cloud
   926 | D:1      | Learned a level 2 spell: Call Imp
   929 | D:1      | Learned a level 2 spell: Blink
   933 | D:1      | Learned a level 3 spell: Conjure Flame
  1774 | D:2      | Reached skill level 1 in Fighting
  1779 | D:2      | Noticed Robin
  1782 | D:2      | Reached skill level 1 in Armour
  1948 | D:1      | Killed Robin
  1949 | D:1      | Reached XP level 4. HP: 20/25 MP: 1/13
  2182 | D:2      | Found a runed translucent door.
  2183 | D:2      | Noticed Crazy Yiuf
  2218 | D:2      | Killed Crazy Yiuf
  3313 | D:3      | Reached skill level 6 in Spellcasting
  3370 | D:3      | Reached XP level 5. HP: 29/29 MP: 10/15
  3738 | D:3      | Reached skill level 1 in Shields
  4604 | D:4      | Reached skill level 1 in Fire Magic
  4796 | D:4      | Reached XP level 6. HP: 34/34 MP: 10/17
  4866 | D:4      | Noticed Purgy
  4877 | D:4      | Killed Purgy
  4878 | D:4      | Reached skill level 7 in Spellcasting
  4878 | D:4      | Reached skill level 1 in Air Magic
  4878 | D:4      | Reached skill level 1 in Evocations
  5181 | D:5      | Entered Level 5 of the Dungeon
  5287 | D:5      | Reached skill level 1 in Poison Magic
  5290 | D:5      | Reached XP level 7. HP: 38/38 MP: 14/20
  5499 | D:5      | Reached skill level 8 in Spellcasting
  5628 | D:5      | Upgraded the game from 0.27-a0-797-g27d10ad80f to
                  | 0.27-a0-808-g60bc5d92e6
  6112 | D:6      | Reached skill level 9 in Spellcasting
  6112 | D:6      | Reached XP level 8. HP: 45/45 MP: 13/23
  6697 | D:6      | Reached skill level 5 in Conjurations
  6927 | D:7      | Found a staircase to the Ecumenical Temple.
  7038 | Temple   | Entered the Ecumenical Temple
  7045 | Temple   | Became a worshipper of Vehumet
  7074 | D:7      | Identified the +8 long sword of Imminent Death {vorpal,
                  | +Blink}
  7103 | D:7      | Reached skill level 10 in Spellcasting
  7490 | D:7      | Reached XP level 9. HP: 49/49 MP: 19/25
  7749 | D:8      | Noticed Maurice
  7772 | D:8      | Killed Maurice
  7773 | D:8      | Reached skill level 11 in Spellcasting
  7899 | D:8      | Noticed Harold
  7911 | D:8      | HP: 1/49 [Harold/+1 vorpal long sword (20)]
  7911 | D:8      | Slain by Harold

Illustrated notes

Levels and vault maps discovered:
D:1:      dpeg_arrival_long_road, layout_loops_ring, minmay_gold_behind_fungi
D:2:      layout_rooms, uniq_crazy_yiuf_cottage, uniq_robin
D:3:      layout_basic
D:4:      layout_basic, uniq_purgy
D:5:      layout_gridville
D:6:      layout_layer_cave
D:7:      layout_rooms, minmay_temple_entry_statues
D:8:      layout_rooms, uniq_maurice, uniq_erica, uniq_harold
Temple:   compressed_dpeg_circular_temple

Skill      XL: |  1  2  3  4  5  6  7  8  9 |
---------------+----------------------------+-----
Spellcasting   | 5 6 7 9 10 11 | 11.1
Fighting       | 1 2 |  2.6
Conjurations   | 2 3 4 5 6 |  6.1
Armour         | 1 2 |  2.0
Dodging        | 3 |  3.0
Shields        | 1 2 |  2.3
Stealth        | 3 |  3.0
Fire Magic     | 1 2 4 |  4.9
Air Magic      | 1 |  1.0
Evocations     | 1 |  1.2
Poison Magic   | 1 |  1.0
Summonings     | |  1.1
Translocations | |  1.1

Action                   |  1- 3 |  4- 6 |  7- 9 || total
-------------------------+-------+-------+-------++-------
Melee: Dagger            |    30 |    54 |    33 ||   117
       Long sword        |       |       |    35 ||    35
 Cast: Magic Dart        |   103 |   161 |   110 ||   374
       Mephitic Cloud    |     1 |     8 |    13 ||    22
       Call Imp          |       |     5 |       ||     5
       Conjure Flame     |       |     3 |    12 ||    15
  Use: Potion            |       |       |     1 ||     1
 Stab: Sleeping          |     1 |       |       ||     1
       Confused          |       |     5 |     6 ||    11
Armor: Robe              |    12 |     1 |       ||    13
       Leather armour    |       |     6 |       ||     6
       Troll leather arm |       |     8 |    34 ||    42
Dodge: Dodged            |    32 |    36 |    46 ||   114
Block: Other             |       |       |    11 ||    11
       Rpst.: Long sword |       |       |     1 ||     1

Table legend: (Time is in decaauts)
 A = Elapsed time spent in this place.
 B = Non-inter-level travel time spent in this place.
 C = Inter-level travel time spent in this place.
 D = Time resting spent in this place.
 E = Time spent auto-exploring this place.
 F = Levels seen in this place.
 G = Mean time per level.
                   A        B        C        D        E       F      G
               +--------+--------+--------+--------+--------+-----+--------+
         Total |   7921 |   7746 |    175 |    407 |   6125 |   9 |  880.1 |
       Dungeon |   7906 |   7737 |    169 |    407 |   6124 |   8 |  988.2 |
        Temple |     14 |      8 |      6 |      0 |      1 |   1 |   14.0 |
               +--------+--------+--------+--------+--------+-----+--------+

Top non-repeatable levels by time:
     D:1: 1989 daAuts
     D:2: 1246 daAuts
     D:4: 1192 daAuts
     D:6: 933 daAuts
     D:7: 814 daAuts
     D:5: 801 daAuts
     D:3: 752 daAuts
     D:8: 176 daAuts
  Temple: 14 daAuts
